 Dungeon Crawl Stone Soup version 0.31-a0-187-gba352fbbf7 (webtiles) character file.

Game seed: 10597139318808170333

326 qw the Skirmisher (level 6, -2/35 HPs)
             Began as a Deep Elf Hunter on June 22, 2023.
             Slain by a gnoll
             ... wielding a +0 spear
              (6 damage)
             ... on level 4 of the Dungeon.
             The game lasted 00:01:03 (1839 turns).

qw the Skirmisher (Deep Elf Hunter)                 Turns: 1839, Time: 00:01:03

Health: -2/35      AC:  8    Str: 10    XL:     6   Next: 24%
Magic:  8/8        EV:  9    Int: 14    God:
Gold:   163        SH:  0    Dex: 18    Spells: 5/5 levels left

rFire   . . .        Y - +3 shortbow
rCold   . . .        (shield currently unavailable)
rNeg    . . .        a - +0 scale mail
rPois   .            h - +0 helmet
rElec   .            d - +0 cloak
rCorr   .            (no gloves)
SInv    +            (no boots)
Will    .....        (no amulet)
Stlth   +            e - ring of see invisible
HPRegen 0.25/turn    (no ring)
MPRegen 0.11/turn

%: no passive effects
@: no status effects
A: no striking features
a: no special abilities


You were on level 4 of the Dungeon.
You visited 1 branch of the dungeon, and saw 4 of its levels.

You collected 163 gold pieces.


   Skills:
 + Level 1.9 Fighting
 - Level 9.0 Ranged Weapons
 - Level 1.7 Armour
 - Level 3.0 Dodging
 - Level 1.2 Stealth


You had 5 spell levels left.
You didn't know any spells.
Your spell library was empty.

Inventory:

Hand Weapons
 Y - a +3 shortbow (weapon)
Armour
 a - a +0 scale mail (worn)
 d - a +0 cloak (worn)
 h - a +0 helmet (worn)
Jewellery
 e - a ring of see invisible (left hand)
Scrolls
 b - a scroll of identify
Potions
 c - a potion of attraction {unknown}
 g - a potion of cancellation
 j - 3 potions of curing
 l - a potion of heal wounds {unknown}

Dungeon Overview and Level Annotations

Branches:
Dungeon (4/15)
 Temple: D:4-7

Altars:
Elyvilon
Kikubaaqudgha

Annotations:
D:2 exclusions: adder, dart slug and rat


Message History

Moving in this stuff is going to be slow.
You now have 157 gold pieces (gained 13).
Things that are here:
a +0 club; a hobgoblin corpse You now have 163 gold pieces (gained 6).
A gnoll comes into view. It is wielding a +0 club.
You shoot an arrow. The gnoll shouts!
The arrow hits the gnoll!
The gnoll is severely wounded.
You hear a shout! x2
You shoot an arrow. The arrow hits the gnoll.
The gnoll is almost dead.
The gnoll hits you but does no damage.
A gnoll comes into view. It is wielding a +0 flail.
The gnoll barely misses you.
You shoot an arrow. The arrow hits the gnoll.
You kill the gnoll!
A gnoll comes into view. It is wielding a +0 spear.
You shoot an arrow. The arrow hits the gnoll.
The gnoll is lightly wounded.
The gnoll hits you but does no damage.
You shoot an arrow. The arrow closely misses the gnoll.
The gnoll hits you from afar with a +0 spear.
The gnoll barely misses you. The gnoll hits you with a +0 flail.
The gnoll hits you from afar with a +0 spear.
You shoot an arrow. The arrow hits the gnoll.
The gnoll is lightly wounded.
The gnoll closely misses you. The gnoll hits you but does no damage.
You shoot an arrow. The arrow barely misses the gnoll.
The gnoll hits you from afar with a +0 spear.
The gnoll hits you with a +0 flail.
You shoot an arrow. The arrow hits the gnoll.
The gnoll is heavily wounded.
The gnoll hits you from afar with a +0 spear.
The gnoll hits you with a +0 flail!
You shoot an arrow. The arrow hits the gnoll!
You kill the gnoll!
The gnoll hits you from afar with a +0 spear.
You die...

#....~..~.#.#
#..~~)~~..#.#
#.~~~~...##.#
.....~~~...##.##
.....~~~~~...#..#
.....(.....}....#
................#
................#
.......#######@#
...... #.)g...#
... ####...# ..
#.# #


You could see a gnoll.

Vanquished Creatures
  Sigmund (D:2)
  A kobold brigand (D:3)
  An adder (D:2)
  3 gnolls (D:4)
  A worm (D:2)
  2 dart slugs
  A ball python (D:1)
  6 endoplasms
  7 giant cockroaches
  9 goblins
  4 hobgoblins
  6 jackals (D:2)
  5 kobolds
  3 quokkas
  4 bats
  7 frilled lizards
  6 rats
67 creatures vanquished.

Notes
Turn   | Place    | Note
-------+----------+-------------------------------------------
     0 | D:1      | qw the Deep Elf Hunter began the quest for the Orb.
     0 | D:1      | Reached XP level 1. HP: 12/12 MP: 3/3
     0 | D:1      | 0 ||| qw: Version: 0.3-a-9-g12657ce
     0 | D:1      | 0 ||| qw: Game counter: 2392
     0 | D:1      | 0 ||| qw: Always use a shield: true
     0 | D:1      | 0 ||| qw: God list: Okawaru
     0 | D:1      | 0 ||| qw: Allow faded altars: false
     0 | D:1      | 0 ||| qw: Do Orc after D:15 true
     0 | D:1      | 0 ||| qw: Do second Lair branch before Depths: true
     0 | D:1      | 0 ||| qw: Lair rune preference: random
     0 | D:1      | 0 ||| qw: Plans: Normal
     0 | D:1      | 0 ||| PLANNING D:1-11
    93 | D:1      | Reached XP level 2. HP: 16/16 MP: 4/4
   132 | D:1      | Reached skill level 6 in Ranged Weapons
   548 | D:1      | 548 ||| UPGRADING to +0 helmet.
   553 | D:1      | 553 ||| READING 3 scrolls labelled JONIACOICI.
   554 | D:1      | 554 ||| READING 2 scrolls labelled SUUJYC GEROOCKUR.
   555 | D:1      | 555 ||| READING scroll labelled BOENIO WURHU.
   656 | D:1      | 656 ||| READING scroll labelled QIUSAS AMMITH.
   657 | D:1      | 657 ||| READING scroll labelled TIEVAWKIGG.
   658 | D:1      | 658 ||| READING scroll labelled OTOPRA FANN.
   659 | D:1      | 659 ||| DROPPING 2 scrolls of immolation.
   660 | D:1      | 660 ||| DROPPING scroll of butterflies.
   661 | D:1      | 661 ||| DROPPING scroll of noise.
   669 | D:2      | Found a faded altar of an unknown god.
   670 | D:2      | 670 ||| Stepping randomly (stuck).
   671 | D:2      | 671 ||| Stepping randomly (stuck).
   672 | D:2      | 672 ||| Stepping randomly (stuck).
   673 | D:2      | 673 ||| Stepping randomly (stuck).
   674 | D:2      | 674 ||| Stepping randomly (stuck).
   675 | D:2      | 675 ||| Stepping randomly (stuck).
   676 | D:2      | 676 ||| Stepping randomly (stuck).
   677 | D:2      | 677 ||| Stepping randomly (stuck).
   678 | D:2      | 678 ||| Stepping randomly (stuck).
   679 | D:2      | 679 ||| Stepping randomly (stuck).
   680 | D:2      | 680 ||| Stepping randomly (stuck).
   681 | D:2      | 681 ||| Stepping randomly (stuck).
   682 | D:2      | 682 ||| Stepping randomly (stuck).
   683 | D:2      | 683 ||| Stepping randomly (stuck).
   684 | D:2      | 684 ||| Stepping randomly (stuck).
   685 | D:2      | 685 ||| Stepping randomly (stuck).
   686 | D:2      | 686 ||| STAIRDANCE
   689 | D:1      | Reached XP level 3. HP: 15/20 MP: 5/5
   813 | D:2      | Reached skill level 7 in Ranged Weapons
   815 | D:2      | 815 ||| READING scroll of enchant weapon.
   815 | D:2      | 815 ||| ENCHANTING +1 shortbow.
   836 | D:2      | Noticed Sigmund
   841 | D:2      | Killed Sigmund
   842 | D:2      | Reached skill level 9 in Ranged Weapons
   842 | D:2      | Reached XP level 4. HP: 25/25 MP: 6/6
   842 | D:2      | Reached XP level 5. HP: 29/29 MP: 7/7
   860 | D:2      | Found a white marble altar of Elyvilon.
  1046 | D:2      | Reached skill level 3 in Dodging
  1059 | D:2      | 1059 ||| UPGRADING to +0 scale mail.
  1069 | D:2      | 1069 ||| DROPPING +0 leather armour.
  1070 | D:2      | 1070 ||| UPGRADING to ring of see invisible.
  1071 | D:2      | 1071 ||| READING scroll labelled LUXOPL BUMMO.
  1072 | D:2      | 1072 ||| DRINKING 2 fuming clear potions.
  1294 | D:3      | 1294 ||| READING scroll of enchant weapon.
  1294 | D:3      | 1294 ||| ENCHANTING +2 shortbow.
  1464 | D:3      | Reached skill level 1 in Armour
  1464 | D:3      | Reached XP level 6. HP: 14/34 MP: 8/8
  1734 | D:3      | 1734 ||| UPGRADING to +0 cloak.
  1739 | D:3      | 1739 ||| READING scroll labelled MIOFOC ORIF.
  1740 | D:3      | 1740 ||| DRINKING 2 fuming orange potions.
  1741 | D:3      | 1741 ||| READING 2 scrolls of identify.
  1741 | D:3      | 1741 ||| IDENTIFYING metallic golden potion
  1742 | D:3      | 1742 ||| DROPPING potion of degeneration.
  1799 | D:4      | Found an ancient bone altar of Kikubaaqudgha.
  1838 | D:4      | HP: 3/35 [gnoll/+0 flail (10)]
  1839 | D:4      | Slain by a gnoll

Levels and vault maps discovered:
D:1:      dpeg_arrival_stonehenge_8_columns, layout_loops_ring,
          minmay_tetromino_s4
D:2:      layout_basic, nicolae_ecumenical_oubliette, basic_altar, uniq_sigmund
D:3:      layout_basic, grunt_decor_clamped, kennysheep_generic_room_8
D:4:      layout_basic, kiku_gazebo_pond_becter

Skill      XL: |  1  2  3  4  5 |
---------------+----------------+-----
Ranged Weapons | 6 9 |  9.0
Dodging        | 3 |  3.0
Armour         | 1 |  1.7
Fighting       | |  1.9
Stealth        | |  1.2

Action                     |  1- 3 |  4- 6 || total
---------------------------+-------+-------++-------
   Fire: Shortbow          |    87 |    81 ||   168
    Use: Scroll            |     7 |     4 ||    11
         Potion            |       |     2 ||     2
 Armour: Leather armour    |    12 |     3 ||    15
         Scale mail        |       |    10 ||    10
  Dodge: Dodged            |    24 |    15 ||    39

Table legend:
 A = Non-vault XP
 B = Vault XP
 C = Vault XP percentage of total XP
 D = Non-vault monster count
 E = Vault monster count
 F = Vault count percentage of total count
                 A         B        C        D         E       F
            +---------+---------+-------+---------+---------+-------
      Total |     266 |     214 |  44.6 |      66 |       1 |   1.5
            +---------+---------+-------+---------+---------+-------
        D:1 |      42 |       0 |   0.0 |      24 |       0 |   0.0
        D:2 |      59 |     214 |  78.4 |      25 |       1 |   3.8
        D:3 |     119 |       0 |   0.0 |      12 |       0 |   0.0
        D:4 |      46 |       0 |   0.0 |       5 |       0 |   0.0
            +---------+---------+-------+---------+---------+-------
